 Dungeon Crawl Stone Soup version 0.24.1-14-gf8d2b509d9 (webtiles) character file.

Game seed: 12619231343197677934, levelgen mode: deterministic

196162 KlarStein the Bludgeoner (level 18, -33/117 HPs)
             Began as a Gargoyle Fighter on Dec 18, 2020.
             Was a Priest of the Shining One.
             Killed from afar by a frost giant (45 damage)
             ... with a bolt of cold
             ... created by the fury of Okawaru
             ... on level 4 of the Spider Nest on Dec 20, 2020.
             The game lasted 03:07:48 (28568 turns).

KlarStein the Bludgeoner (Gargoyle Fighter)        Turns: 28568, Time: 03:07:50

Health: -33/117    AC: 44    Str: 22    XL:     18   Next: 36%
Magic:  24/24      EV: 16    Int:  9    God:    the Shining One [***...]
Gold:   2602       SH: 11    Dex: 19    Spells: 17/17 levels left

rFire    + . .     SeeInvis .   E - +9 morningstar (crush)
rCold    . . .     Gourm    .   U - +3 buckler {reflect}
rNeg     + + .     Faith    .   O - +5 chain mail {rF+}
rPois    ∞         Spirit   .   P - +0 helmet
rElec    +         Reflect  +   J - +1 cloak of the Bull {Dex+4}
rCorr    +         Harm     .   g - +0 pair of gloves
MR       +....                  v - +0 pair of boots
Stlth    ..........             (no amulet)
HPRegen  0.29/turn              q - +5 ring of protection
MPRegen  0.19/turn              W - ring of resist corrosion

@: flying, glowing
A: big wings, negative energy resistance 1, electricity resistance, unbreathing,
petrification resistance, rot immunity, AC +13
}: 1/15 runes: decaying
a: Stop Flying, Divine Shield, Renounce Religion


You were on level 4 of the Spider Nest.
You worshipped the Shining One.
The Shining One was most pleased with you.
You were not hungry.

You visited 5 branches of the dungeon, and saw 29 of its levels.
You also visited: Sewer, Bailey and Ice Cave.

You collected 2602 gold pieces.

Inventory:

Hand Weapons
 E - a +9 morningstar of crushing (weapon)
 I - the +6 broad axe "Impbane" {holy, -Tele rPois rF+ rN++}
   (You found it on level 1 of the Lair of Beasts)

   It has been blessed by the Shining One to cause great damage to the undead
   and demons.
   It protects you from fire.
   It protects you from poison.
   It greatly protects you from negative energy.
   It prevents most forms of teleportation.
 V - the +3 shortbow of the Skies Above {velocity, +Inv Dex+6}
   (Okawaru gifted it to you on level 13 of the Dungeon)

   Any arrow fired from it inflicts extra damage.
   It affects your dexterity (+6).
   It lets you turn invisible.
 Z - a +0 demon whip of draining
Missiles
 w - 4 throwing nets
 A - 7 datura-tipped darts (quivered)
 L - 5 atropa-tipped darts
 X - 4 curare-tipped darts
Armour
 c - +0 ice dragon scales
 g - a +0 pair of gloves (worn)
 v - a +0 pair of boots (worn)
 C - a scarf of spirit shield
 F - a +1 large shield of protection
 J - the +1 cloak of the Bull (worn) {Dex+4}
   (Okawaru gifted it to you on level 9 of the Dungeon)

   It affects your dexterity (+4).
 O - a +5 chain mail of fire resistance (worn)
 P - a +0 helmet (worn)
 U - a +3 buckler of reflection (worn)
Jewellery
 n - a +6 ring of evasion
 o - an uncursed ring of protection from cold
 q - a +5 ring of protection (left hand)
 z - an uncursed ring of see invisible
 K - an uncursed ring of protection from fire
 M - an uncursed ring of positive energy
 Q - an uncursed ring of protection from cold
 W - a ring of resist corrosion (right hand)
Wands
 a - a wand of iceblast (19)
 l - a wand of polymorph (34)
 s - a wand of digging (8)
 H - a wand of disintegration (35)
Scrolls
 b - 11 scrolls of identify
 e - 8 scrolls of remove curse
 i - a scroll of fear
 r - a scroll of holy word
 x - 2 scrolls of enchant armour
 y - a scroll of teleportation
 B - 2 scrolls of enchant weapon
 R - 2 scrolls of magic mapping
Potions
 d - 2 potions of might
 h - 2 potions of haste
 j - 13 potions of curing
 k - 3 potions of heal wounds
 m - a potion of cancellation
 t - 2 potions of mutation
 u - a potion of agility
 D - a potion of brilliance
 N - a potion of resistance
Miscellaneous
 T - a sack of spiders
 Y - a lightning rod (4/4)
Comestibles
 f - 48 rations


   Skills:
 + Level 14.4 Fighting
 * Level 17.7 Maces & Flails
 + Level 14.4 Armour
 + Level 10.6 Dodging
 + Level 14.4 Shields
 - Level 9.0 Invocations


You had 17 spell levels left.
You didn't know any spells.
Your spell library contained the following spells:

 Spells                   Type           Power        Failure   Level  Hunger
 Animate Skeleton         Necr           N/A          89%         1    ##.....
 Apportation              Tloc           #.....       89%         1    ##.....
 Confusing Touch          Hex            #.....       89%         1    ##.....
 Magic Dart               Conj           #...         89%         1    ##.....
 Summon Butterflies       Summ           #.......     89%         1    ##.....
 Summon Small Mammal      Summ           #...         89%         1    ##.....
 Poisonous Vapours        Pois/Air       #.....       96%         2    ###....
 Searing Ray              Conj           #.....       96%         2    ###....
 Call Canine Familiar     Summ           #.......     99%         3    ####...
 Conjure Flame            Conj/Fire      #.......     99%         3    ####...
 Dazzling Spray           Conj/Hex       #.....       99%         3    ####...
 Mephitic Cloud           Conj/Pois/Air  #.......     99%         3    ####...
 Recall                   Summ/Tloc      N/A          99%         3    ####...
 Animate Dead             Necr           N/A          100%        4    #####..
 Force Lance              Conj/Tloc      #.......     100%        4    #####..
 Fulminant Prism          Conj/Hex       #.........   100%        4    #####..
 Iskenderun's Mystic Bla  Conj           #.......     100%        4    #####..
 Summon Ice Beast         Ice/Summ       #.......     100%        4    #####..
 Borgnjor's Vile Clutch   Necr/Erth      #.........   100%        5    ######.
 Irradiate                Conj/Tmut      #.........   100%        5    ######.
 Summon Mana Viper        Hex/Summ       #.......     100%        5    ######.
 Death Channel            Necr           #.........   100%        6    #######
 Freezing Cloud           Conj/Ice/Air   #.........   100%        6    #######
 Hydra Form               Tmut           #.........   100%        6    #######
 Simulacrum               Ice/Necr       #.........   100%        6    #######
 Dragon Form              Tmut           #.........   100%        7    #######
 Ring of Flames           Chrm/Fire      #.........   100%        7    #######
 Summon Hydra             Summ           #.........   100%        7    #######
 Statue Form              Tmut/Erth      Unusable     N/A         6    N/A

Dungeon Overview and Level Annotations

Branches:
Dungeon (14/15)            Temple (1/1) D:4            Lair (6/6) D:9
  Swamp (4/4) Lair:4       Spider (4/4) Lair:4        Slime (0/5) Lair:6
    Orc (0/2) D:12          Sewer (visited)          Bailey (visited)
  IceCv (visited)
 Vaults: D:13-14

Altars:
Ashenzari
Cheibriados
Dithmenos
Elyvilon
Fedhas
Gozag
Hepliaklqana
Kikubaaqudgha
Makhleb
Nemelex Xobeh
Okawaru
Qazlal
Ru
Sif Muna
Trog
Uskayaw
Vehumet
Wu Jian
Xom
Yredelemnul
Zin
The Shining One

Annotations:
D:13 exclusion: obsidian statue
Lair:6 exclusion: 3 oklob plants
Spider:4 Roxanne


Innate Abilities, Weirdness & Mutations

You are resistant to torment.
Your stone body is resilient. (AC +13)
You are immune to poison.
Your large and strong wings let you fly indefinitely.
You resist negative energy. (rN+)
You are resistant to electric shocks. (rElec)
You can survive without breathing.
You are immune to petrification.
You are immune to rotting.


Message History

You thump the stone giant!
You kill the stone giant!
That felt strangely unrewarding.
The purple draconian hits you but does no damage.
You bludgeon the titan!!
The titan is moderately wounded.
You puncture the titan!
The titan is heavily wounded.
The titan hits you but does no damage.
The purple draconian hits you but does no damage.
The frost giant points at you and mumbles some strange words.
The bolt of cold hits you!!!
* * * LOW HITPOINT WARNING * * *
You impale the titan!!
The titan is severely wounded.
The titan mumbles some strange words.
The titan is healed somewhat.
The frost giant points at you and mumbles some strange words.
The bolt of cold hits you!!!
You die...

................^.#.^#..####.##
......#...........####.## #..^#
....#^.......?.....########..##
.....^^.†.............###.^...#
..#####..†#####.^#.....##.†#<##
.##..##.†.##..##^|###..##..#..#
##..###...###..###.^.....[#^^^#
#.^##^#...#^##.^###^.....######
..##^.#...#..##C@###^..###
.##^.##...##..##Cd###...#
.#^.^##'''##...#..####^###
###^..........###..# ##^.# #
##^......%.## #..# #### #
##.........## #..#
###........^..###..#
.##...........##..##
.#^..#.....#...#^.#


You could see a titan, a frost giant and a purple draconian.

Vanquished Creatures
  Nikola (Swamp:2)
  Arachne (Spider:4)
  A bone dragon (Swamp:4)
  Rupert (Lair:6)
  2 titans
  A deep elf blademaster (Spider:4)
  2 thorn hunters (Swamp:4)
  A ghost moth (Spider:4)
  2 emperor scorpions (Spider:4)
  An orc warlord (Spider:4)
  2 entropy weavers
  2 stone giants
  3 spark wasps
  A purple draconian (Spider:4)
  Snorg (Lair:3)
  A fire dragon (D:13)
  Erolcha (D:12)
  Fannar (Lair:3)
  Harold (Lair:1)
  2 ice dragons (IceCv)
  3 ghost crabs
  2 shambling mangroves (Swamp:4)
  3 centaur warriors
  3 catoblepae (Lair:6)
  A merfolk avatar (Swamp:2)
  12 hydras
  3 two-headed ogres (D:12)
  18 alligators
  A queen ant (D:9)
  A tengu warrior (Spider:4)
  7 death yaks (Lair:6)
  2 deep elf knights
  3 skeletal warriors (D:11)
  A death drake (Swamp:4)
  3 spriggan druids
  2 phantasmal warriors (Swamp:4)
  4 spectral hydras (Swamp:4)
  2 deep elf archers (Spider:4)
  3 swamp dragons
  4 orc knights (Bailey)
  A wolf spider (shapeshifter) (D:12)
  19 orb spiders
  6 ugly things
  2 oklob plants
  24 wolf spiders
  4 deep elf magi
  3 manticores
  A moth of wrath (Spider:4)
  4 black mambas
  3 ice statues
  A gargoyle (D:11)
  12 spiny frogs
  A torpor snail (Spider:4)
  The ghost of ciphuk the Destroyer, a novice FeCj of Vehumet (Lair:1)
  7 rime drakes
  4 swamp worm zombies (Swamp:4)
  6 komodo dragons
  A tengu conjurer (Spider:4)
  9 demonic crawlers
  25 jumping spiders
  4 trolls
  17 tyrant leeches
  A hydra zombie (Swamp:4)
  19 slime creatures
  Prince Ribbit (D:6)
  5 blink frogs
  7 dream sheep (Lair:6)
  Grinder (Sewer)
  21 hornets
  9 bog bodies
  17 hippogriffs
  3 alligator zombies (Swamp:4)
  2 shadows
  19 tarantellas
  61 redbacks
  2 wyverns
  A wraith (D:12)
  68 yaks
  7 spriggans
  A basilisk (Lair:2)
  3 hogs (D:7)
  A human (D:7)
  4 steam dragons
  3 hungry ghosts
  Menkaure (D:7)
  7 vampire mosquitoes
  16 swamp worms
  Edmund (D:5)
  21 soldier ants
  An acid dragon (D:12)
  12 water moccasins
  12 insubstantial wisps
  7 porcupines
  5 swamp drakes
  18 orc warriors
  17 ice beasts
  5 swamp dragon zombies (Swamp:4)
  4 sky beasts
  10 phantoms
  8 ogres
  An eye of draining (D:12)
  12 centaurs
  10 wolves
  9 crocodiles
  6 big kobolds
  17 bullfrogs
  A wyvern zombie (D:12)
  4 killer bees
  17 wights
  7 howler monkeys
  3 crimson imps
  5 electric eels
  4 quasits
  2 bullfrog skeletons (D:12)
  9 hounds
  17 jellies
  6 orc wizards
  2 orc priests
  A centaur skeleton (D:10)
  Jessica (D:3)
  3 iguanas
  25 worker ants
  Ijyb (D:3)
  Natasha (thrice) (D:2)
  A spectral swamp drake (Swamp:4)
  A big kobold zombie (Sewer)
  A hound skeleton (D:6)
  A howler monkey zombie (D:10)
  8 gnolls
  A worker ant zombie (D:8)
  9 adders
  A howler monkey skeleton (D:7)
  3 swamp drake zombies (Swamp:4)
  4 shadow imps (Sewer)
  2 white imps (D:13)
  3 ufetubi
  4 oozes
  2 adder zombies
  4 adder skeletons
  2 worms
  2 dart slugs
  9 leopard geckos
  47 orcs
  5 ball pythons
  7 giant cockroaches
  12 goblins
  7 hobgoblins
  5 jackals
  28 kobolds
  7 quokkas
  7 bats
  2 frilled lizards (D:1)
  A leopard gecko skeleton (D:4)
  A quokka zombie (D:7)
  10 rats
  A briar patch (Swamp:4)
  A butterfly (Lair:3)
  A plant (Lair:5)
1028 creatures vanquished.

Vanquished Creatures (collateral kills)
  A centaur warrior (Spider:3)
  A shambling mangrove (Swamp:4)
  A wolf spider (Spider:4)
  An orb spider (Spider:4)
  2 hornets
  An alligator zombie (Swamp:4)
  A redback (Spider:4)
  A spriggan (Swamp:4)
9 creatures vanquished.

Vanquished Creatures (others)
  An orb spider (Spider:3)
  2 jumping spiders (Spider:3)
  A redback (Spider:3)
  A spriggan (Swamp:2)
  A swamp drake (Swamp:2)
  A swamp dragon zombie (Swamp:4)
  2 phantoms (Swamp:4)
  2 centaurs
  An orc (D:12)
  A giant cockroach zombie (Sewer)
  A briar patch (Swamp:4)
  3 bushes (D:13)
  11 fungi
  26 plants
54 creatures vanquished.

Grand Total: 1091 creatures vanquished

Notes
Turn   | Place    | Note
-------+----------+-------------------------------------------
     0 | D:1      | KlarStein the Gargoyle Fighter began the quest for the Orb.
     0 | D:1      | Reached XP level 1. HP: 14/14 MP: 1/1
   161 | D:1      | Reached XP level 2. HP: 19/19 MP: 2/2
   630 | D:1      | Reached XP level 3. HP: 23/23 MP: 3/3
   928 | D:2      | Noticed Natasha
  1174 | D:2      | Killed Natasha
  1174 | D:2      | Reached skill level 3 in Maces & Flails
  1174 | D:2      | Reached XP level 4. HP: 24/29 MP: 4/4
  1179 | D:2      | Noticed Natasha
  1189 | D:2      | Killed Natasha
  1219 | D:2      | Noticed Natasha
  1245 | D:2      | Killed Natasha
  1245 | D:2      | Reached XP level 5. HP: 5/33 MP: 5/5
  1889 | D:3      | Found a faded altar of an unknown god.
  1954 | D:3      | Noticed Jessica
  1962 | D:3      | Killed Jessica
  1964 | D:3      | Reached skill level 4 in Maces & Flails
  2082 | D:3      | Reached XP level 6. HP: 38/38 MP: 6/6
  2096 | D:3      | Noticed Ijyb
  2107 | D:3      | Killed Ijyb
  2151 | D:3      | Found a radiant altar of Vehumet.
  2868 | D:4      | Noticed a phantom
  2933 | D:4      | Killed a phantom
  2933 | D:4      | Reached skill level 5 in Maces & Flails
  2933 | D:4      | Reached XP level 7. HP: 43/44 MP: 7/7
  3010 | D:4      | Found a sparkling altar of Nemelex Xobeh.
  3050 | D:4      | Found an opulent altar of Gozag.
  3531 | D:4      | Found a staircase to the Ecumenical Temple.
  3536 | Temple   | Entered the Ecumenical Temple
  3630 | Temple   | Became a worshipper of Warmaster Okawaru
  3795 | D:5      | Entered Level 5 of the Dungeon
  3795 | D:5      | Found a sacrificial altar of Ru.
  3826 | D:5      | Got a dazzling ring mail
  3857 | D:5      | Reached skill level 5 in Shields
  3862 | D:5      | Reached skill level 5 in Armour
  3965 | D:5      | Found a glowing silver altar of Zin.
  3965 | D:5      | Found a burning altar of Makhleb.
  3966 | D:5      | Noticed a cacodemon
  3966 | D:5      | Noticed an angel
  4002 | D:5      | Found a glowing drain.
  4017 | Sewer    | Entered a sewer
  4102 | Sewer    | Reached skill level 5 in Fighting
  4137 | Sewer    | Identified the +0 ring mail of Philately {Str+3} (You found
                  | it on level 5 of the Dungeon)
  4184 | Sewer    | Found a burning altar of Makhleb.
  4271 | Sewer    | Noticed Grinder
  4283 | Sewer    | Paralysed by Grinder for 2 turns
  4287 | Sewer    | Killed Grinder
  4287 | Sewer    | Reached XP level 8. HP: 30/49 MP: 8/8
  4295 | Sewer    | Reached skill level 6 in Maces & Flails
  4607 | D:5      | Found a burning altar of Makhleb.
  4610 | D:5      | Noticed a blizzard demon
  4625 | D:5      | Found a stormy altar of Qazlal.
  4839 | D:5      | Noticed Edmund
  4854 | D:5      | Killed Edmund
  4854 | D:5      | Reached * piety under Okawaru
  5123 | D:6      | Reached skill level 1 in Invocations
  5446 | D:6      | Found a snail-covered altar of Cheibriados.
  5528 | D:6      | Noticed Prince Ribbit
  5534 | D:6      | Reached ** piety under Okawaru
  5534 | D:6      | Reached skill level 7 in Maces & Flails
  5544 | D:6      | Killed Prince Ribbit
  5544 | D:6      | Reached XP level 9. HP: 53/56 MP: 7/10
  5825 | D:7      | Found a hide-covered altar of Uskayaw.
  5828 | D:7      | Noticed a +0 hand axe
  5829 | D:7      | Noticed a +0 hand axe
  5933 | D:7      | Found a basalt altar of Yredelemnul.
  5937 | D:7      | Noticed Menkaure
  5938 | D:7      | Reached skill level 1 in Dodging
  6272 | D:7      | Killed Menkaure
  6296 | D:7      | Found a sparkling altar of Nemelex Xobeh.
  6296 | D:7      | Found a shadowy altar of Dithmenos.
  6313 | D:7      | Reached skill level 8 in Maces & Flails
  6377 | D:7      | Reached *** piety under Okawaru
  6398 | D:7      | Reached XP level 10. HP: 63/63 MP: 11/11
  6654 | D:8      | Reached **** piety under Okawaru
  6689 | D:8      | Found a flagged portal.
  6720 | D:8      | Reached skill level 9 in Maces & Flails
  6773 | Bailey   | Entered a bailey
  7332 | Bailey   | Noticed an orc knight
  7360 | Bailey   | Killed an orc knight
  7489 | Bailey   | Noticed an orc knight
  7489 | Bailey   | Noticed an orc knight
  7493 | Bailey   | Noticed an orc knight
  7675 | Bailey   | Killed an orc knight
  7759 | Bailey   | Killed an orc knight
  7759 | Bailey   | Received a gift from Okawaru
  7759 | Bailey   | Reached ***** piety under Okawaru
  7879 | Bailey   | Killed an orc knight
  7879 | Bailey   | Reached skill level 10 in Maces & Flails
  7879 | Bailey   | Reached XP level 11. HP: 43/69 MP: 10/12
  8062 | D:8      | Found a shattered altar of Ashenzari.
  8073 | D:8      | Noticed a manticore
  8091 | D:8      | Killed a manticore
  8589 | D:8      | Received a gift from Okawaru
  8792 | D:9      | Found a staircase to the Lair.
  8959 | D:9      | Found an ancient bone altar of Kikubaaqudgha.
  9167 | D:9      | Noticed a queen ant
  9188 | D:9      | Killed a queen ant
  9229 | D:9      | Reached skill level 11 in Maces & Flails
  9235 | D:9      | Received a gift from Okawaru
  9256 | D:9      | Reached skill level 5 in Dodging
  9270 | D:9      | Got a dazzling cloak {god gift}
  9276 | D:9      | Identified the +1 cloak of the Bull {Dex+4} (Okawaru gifted
                  | it to you on level 9 of the Dungeon)
  9292 | D:9      | Reached ****** piety under Okawaru
  9505 | D:9      | Found an ornate altar of the Wu Jian Council.
  9774 | Lair:1   | Entered Level 1 of the Lair of Beasts
  9777 | Lair:1   | Reached XP level 12. HP: 76/76 MP: 13/13
 10141 | Lair:1   | Noticed Harold
 10153 | Lair:1   | Killed Harold
 10289 | Lair:1   | Found a runed translucent gate.
 10293 | Lair:1   | Reached skill level 10 in Fighting
 10293 | Lair:1   | Reached skill level 12 in Maces & Flails
 10293 | Lair:1   | Reached skill level 10 in Armour
 10293 | Lair:1   | Reached skill level 10 in Shields
 10293 | Lair:1   | Reached XP level 13. HP: 82/82 MP: 13/15
 10294 | Lair:1   | Found a runed translucent gate.
 10295 | Lair:1   | Found a runed translucent gate.
 10296 | Lair:1   | Noticed ciphuk's ghost (novice FeCj)
 10451 | Lair:2   | You fall into a shaft and drop 1 floor!
 10674 | Lair:3   | Noticed Snorg
 10692 | Lair:3   | Killed Snorg
 10921 | Lair:3   | Noticed Fannar
 11015 | Lair:4   | Found a hole to the Spider Nest.
 11388 | Lair:4   | Found a staircase to the Swamp.
 11898 | Lair:5   | Reached skill level 13 in Maces & Flails
 12070 | Lair:5   | Found a blossoming altar of Fedhas.
 12634 | Lair:6   | Entered Level 6 of the Lair of Beasts
 12658 | Lair:6   | Received a gift from Okawaru
 12694 | Lair:6   | Gained mutation: Your large and strong wings let you fly
                  | indefinitely. [Gargoyle growth]
 12694 | Lair:6   | Reached XP level 14. HP: 86/90 MP: 17/17
 12831 | Lair:6   | Found a staircase to the Slime Pits.
 12858 | Lair:6   | Received a gift from Okawaru
 12867 | Lair:6   | Got encrusted quicksilver dragon scales {god gift}
 12878 | Lair:6   | Identified the quicksilver dragon scales of Luguopp {rPois
                  | MR+ Slay+2} (Okawaru gifted it to you on level 6 of the
                  | Lair of Beasts)
 13040 | Lair:6   | Noticed Rupert
 13040 | Lair:6   | Paralysed by Rupert for 5 turns
 13060 | Lair:6   | Paralysed by Rupert for 5 turns
 13093 | Lair:6   | Killed Rupert
 13475 | Lair:6   | Reached skill level 14 in Maces & Flails
 13748 | Lair:6   | Reached skill level 5 in Invocations
 14545 | Swamp:1  | Entered Level 1 of the Swamp
 14561 | Swamp:1  | Received a gift from Okawaru
 14790 | Swamp:1  | Reached XP level 15. HP: 78/96 MP: 19/19
 16153 | Swamp:2  | Received a gift from Okawaru
 16166 | Swamp:2  | Noticed Nikola
 16190 | Swamp:2  | Killed Nikola
 16304 | Swamp:2  | Reached skill level 15 in Maces & Flails
 17865 | Swamp:4  | Entered Level 4 of the Swamp
 17986 | Swamp:4  | Noticed a thorn hunter
 18004 | Swamp:4  | Killed a thorn hunter
 18004 | Swamp:4  | Reached XP level 16. HP: 81/103 MP: 21/21
 18009 | Swamp:4  | Received a gift from Okawaru
 18483 | Swamp:4  | Noticed a bone dragon
 18513 | Swamp:4  | Killed a bone dragon
 18614 | Swamp:4  | Received a gift from Okawaru
 18681 | Swamp:4  | Received a gift from Okawaru
 18731 | Swamp:4  | Got a decaying rune of Zot
 19136 | Swamp:4  | Noticed a thorn hunter
 19138 | Swamp:4  | Reached skill level 16 in Maces & Flails
 19467 | Swamp:4  | Killed a thorn hunter
 19874 | Lair:3   | Killed Fannar
 20979 | Lair:1   | Killed ciphuk's ghost
 20995 | Lair:1   | Got a crude broad axe
 20996 | Lair:1   | Identified the +6 broad axe "Impbane" {holy, -Tele rPois
                  | rF+ rN++} (You found it on level 1 of the Lair of Beasts)
 21077 | D:10     | Entered Level 10 of the Dungeon
 21131 | D:10     | Received a gift from Okawaru
 22168 | D:11     | Found a shimmering blue altar of Sif Muna.
 22386 | D:12     | Found a frozen archway.
 22410 | IceCv    | Entered an ice cave
 22888 | D:12     | Reached XP level 17. HP: 92/109 MP: 23/23
 22998 | D:12     | Noticed Erolcha
 23009 | D:12     | Killed Erolcha
 23270 | D:12     | Found a staircase to the Orcish Mines.
 23573 | D:13     | Received a gift from Okawaru
 23576 | D:13     | Got a crude shortbow {god gift}
 23587 | D:13     | Identified the +3 shortbow of the Skies Above {velocity,
                  | +Inv Dex+6} (Okawaru gifted it to you on level 13 of the
                  | Dungeon)
 24593 | Temple   | Fell from the grace of Okawaru
 24593 | Temple   | Became a worshipper of the Shining One
 25171 | Spider:1 | Entered Level 1 of the Spider Nest
 25421 | Spider:1 | Reached skill level 10 in Dodging
 25785 | Spider:2 | Identified a scroll of acquirement
 26008 | Spider:2 | Reached * piety under the Shining One
 26160 | Spider:1 | Noticed a deep elf blademaster
 26300 | Spider:2 | Noticed a titan
 26396 | Spider:3 | Reached skill level 17 in Maces & Flails
 26579 | Spider:3 | Noticed a titan
 26590 | Spider:3 | Killed a titan
 26634 | Spider:3 | Got a brightly glowing granite ring
 26636 | Spider:3 | Identified the ring of Starshine {rPois rC+ Int+4 Dex+2}
                  | (You found it on level 3 of the Spider Nest)
 26674 | Spider:2 | Reached ** piety under the Shining One
 27222 | Spider:4 | Entered Level 4 of the Spider Nest
 27224 | Spider:4 | Identified Roxanne's Grimoire of Transformation
 27224 | Spider:4 | Noticed Roxanne
 27269 | Spider:4 | Reached XP level 18. HP: 113/116 MP: 24/24
 27737 | Spider:4 | Noticed Arachne
 27738 | Spider:4 | Reached *** piety under the Shining One
 27808 | Spider:4 | Killed Arachne
 27848 | Spider:4 | Noticed a titan
 27900 | Spider:4 | Killed a titan
 28309 | Spider:4 | Noticed a deep elf blademaster
 28332 | Spider:4 | Killed a deep elf blademaster
 28555 | Spider:4 | Noticed a titan
 28568 | Spider:4 | Killed from afar by a frost giant

Levels and vault maps discovered:
D:1:      ncdulo_halloftheorcs, layout_basic
D:2:      layout_rooms, first_ration, uniq_natasha
D:3:      layout_loops_ring, fiery_altar_vehumet,
          chequers_ecumenical_altar_island, uniq_ijyb, uniq_jessica
D:4:      layout_basic, nicolae_gozag_seed_capital,
          minmay_temple_entry_nine_rooms, amethyst_killhole,
          nemelex_diamond_rough_becter
D:5:      layout_basic, grunt_temple_overflow_order_and_chaos_2,
          overflow_temple_1_default, lemuel_doored_altar,
          cheibrodos_sewer_entry_sluice, chequers_serial_rivers_micro_c,
          makhleb_altar_promises_db, uniq_edmund
D:6:      layout_basic, basic_altar, uniq_prince_ribbit1
D:7:      layout_loops_cross, dancing_weapons_uskayaw,
          grunt_temple_overflow_open, grunt_livestock, uniq_menkaure
D:8:      kennysheep_steamy, layout_basic, enter_bailey_2,
          nicolae_ashenzari_panopticon
D:9:      layout_loops_corners, marbit_many_paths, david_lair_shrubbed,
          basic_altar, corexii_corridor_pit, minivault_29
D:10:     layout_basic, minmay_misc_feat_pillars
D:11:     layout_roguey, basic_altar
D:12:     layout_rooms, orc_0_dummy, portal_ice_cave_entry_pillars_1,
          hangedman_glass_teeth, nzn_random_ring, uniq_erolcha
D:13:     kennysheep_kobold_grotto, layout_layer_cave, minmay_door_square
D:14:     layout_cave_pools, erik_vaults_2, serial_park_paths
          [serial_park_minivault_5x5_7], kennysheep_diamond,
          small_statue_alley_a, einodemon_crawler_minivault
Temple:   minmay_temple_curvy_loop
Lair:1:   layout_roguey, gammafunk_ghost_hydra_chop, uniq_harold
Lair:2:   layout_misc_corridors
Lair:3:   layout_roguey, lemuel_fruit_fields, serial_bayou_shore_b,
          grunt_megastairs_3, uniq_fannar, uniq_snorg
Lair:4:   layout_long_grid, minmay_swamp_entry_worms, spider_nest_entry_a
Lair:5:   layout_loops_ring, tgw_fedhas
Lair:6:   evilmike_catoblepas_cave, layout_gridlike,
          minmay_slime_entry_jelly_boxes, minivault_19, serial_bayou_lagoon_b,
          minmay_lair_oklob_chamber, uniq_rupert
Swamp:1:  layout_basic_swamp, evilmike_swamp_ruin_house_1
Swamp:2:  layout_basic_swamp, nicolae_swamp_trees_clearing, swamp_pool1,
          grunt_lady_of_the_lake, uniq_nikola
Swamp:3:  layout_falls_marsh, evilmike_swamp_ruin_rubble_1, swamp_pool1
Swamp:4:  swamp_pestilence, layout_basic_swamp, swamp_pool2,
          infiniplex_staircase_pool_2
Spider:1: layout_spider_delve
Spider:2: layout_spider_delve
Spider:3: layout_spider_delve, nicolae_spider_cling_halls
Spider:4: johnstein_spider_rune_arachne_lair, uniq_roxanne

Skill      XL: |  1  2  3  4  5  6  7  8  9 10 11 12 13 14 15 16 17 |
---------------+----------------------------------------------------+-----
Maces & Flails | 3 4 5 7 8 10 11 12 13 14 15 16 17 | 17.7
Fighting       | 4 5 6 7 8 9 10 11 12 13 14 | 14.4
Armour         | 4 5 6 7 8 9 10 11 12 13 14 | 14.4
Shields        | 4 5 6 7 8 9 10 11 12 13 14 | 14.4
Invocations    | 2 3 4 5 7 8 9 |  9.0
Dodging        | 2 3 5 6 7 8 9 10 | 10.6

Action                   |  1- 3 |  4- 6 |  7- 9 | 10-12 | 13-15 | 16-18 || total
-------------------------+-------+-------+-------+-------+-------+-------++-------
Melee: Flail             |   112 |   218 |   343 |   474 |       |       ||  1147
       Club              |       |    19 |       |       |       |       ||    19
       Morningstar       |       |       |       |     3 |  1299 |  1787 ||  3089
Throw: Dart              |       |       |       |    13 |     2 |       ||    15
Invok: Heroism           |       |       |     1 |     7 |    18 |    12 ||    38
       Finesse           |       |       |       |       |     4 |     1 ||     5
       Divine Shield     |       |       |       |       |       |     2 ||     2
 Abil: Fly               |       |       |       |       |     1 |       ||     1
Evoke: Wand              |       |     1 |       |       |     2 |       ||     3
  Use: Scroll            |       |     4 |     8 |    17 |    16 |    22 ||    67
       Potion            |       |       |     1 |     4 |     4 |    13 ||    22
 Stab: Confused          |       |       |       |       |     3 |       ||     3
  Eat: Chunk             |     1 |     6 |    12 |    13 |    23 |    28 ||    83
       Ration            |       |       |       |       |     1 |     2 ||     3
Armor: Scale mail        |    65 |   104 |    17 |       |       |       ||   186
       Ring mail         |       |       |   134 |    90 |       |       ||   224
       Chain mail        |       |       |       |     1 |   383 |   873 ||  1257
Dodge: Dodged            |    25 |   108 |   244 |   213 |   590 |  1316 ||  2496
Block: Shield            |    66 |   122 |   257 |   273 |   592 |       ||  1310
       Buckler           |       |       |       |       |   108 |  1039 ||  1147
       Reflection        |       |       |       |       |     4 |    36 ||    40
